 Dungeon Crawl Stone Soup version 0.27.1-34-g3ba077fa99 (webtiles) character file.

Game seed: 7478395743155186671

8 geedmat the Skirmisher (level 2, 0/24 HPs)
             Began as a Demonspawn Abyssal Knight on Jan 9, 2022.
             Was a Follower of Lugonu.
             Slain by an adder (2 damage)
             ... on level 1 of the Dungeon.
             The game lasted 00:04:26 (317 turns).

geedmat the Skirmisher (Demonspawn Abyssal Knight)   Turns: 317, Time: 00:04:26

Health: 0/24       AC:  3    Str: 12    XL:     2   Next: 0%
Magic:  3/3        EV: 11    Int: 13    God:    Lugonu [*.....]
Gold:   16         SH:  0    Dex: 12    Spells: 1/1 levels left

rFire    . . .     SeeInvis .   a - +1 spear
rCold    . . .     Faith    .   (no shield)
rNeg     . . .     Spirit   .   b - +0 leather armour
rPois    .         Reflect  .   (helmet restricted)
rElec    .         Harm     .   (no cloak)
rCorr    .         Rampage  .   (no gloves)
Will     .....                  (no boots)
Stlth    +.........             (no amulet)
HPRegen  0.08/turn              (no ring)
MPRegen  0.08/turn              (no ring)

@: no status effects
A: antennae 1
a: Renounce Religion, Depart the Abyss


You were on level 1 of the Dungeon.
You worshipped Lugonu.
Lugonu was aware of your devotion.
You visited 1 branch of the dungeon, and saw 2 of its levels.
You visited the Abyss 1 time.

You collected 16 gold pieces.

Inventory:

Hand Weapons
 a - a +1 spear (weapon)
Armour
 b - a +0 leather armour (worn)
Jewellery
 e - a ring of see invisible
Scrolls
 c - a scroll of fear
 f - a scroll of enchant weapon {unknown}
Potions
 d - a potion of flight {unknown}


   Skills:
 - Level 3.0 Fighting
 + Level 2.5 Polearms
 - Level 1.7 Armour
 - Level 0.8 Dodging
 - Level 2.4 Invocations


You had one spell level left.
You didn't know any spells.
Your spell library was empty.

Dungeon Overview and Level Annotations

Branches:
Dungeon (2/15)

Altars:


Innate Abilities, Weirdness & Mutations

You have a pair of small antennae on your head.


Message History

You fall into a shaft and drop 1 floor!
The shaft crumbles and collapses.
An adder, a worm and 2 kobolds come into view.
The adder hisses angrily.
The kobold shouts! x2
Found 16 sling bullets, a scroll labelled ASILOLI BOEPE and 10 gold pieces.
Found a stone staircase leading down and a stone staircase leading up.
Found a robe.
Found a stone staircase leading down.
A giant cockroach comes into view.
You see here a scroll labelled ASILOLI BOEPE.
There are monsters nearby!
You have 16 gold pieces.
Char dumped successfully.
Your movement speed is average.
Your attack delay is about 0.9.
Annotate which branch? (. - D:2, ? - help, ! - show branch list)
Okay, then.
Unknown command.
The giant cockroach bites you. The kobold hits you but does no damage.
Found a leather armour.
The giant cockroach bites you but does no damage.
The adder bites you.
You are poisoned.
The adder poisons you!
There is a stone staircase leading up here.
You feel sick.
The giant cockroach completely misses you.
The adder misses you. The worm bites you!
You climb upwards.
You feel sick.
There is a stone staircase leading down here.
You feel sick. The giant cockroach bites you.
* * * LOW HITPOINT WARNING * * *
The giant cockroach barely misses you.
You feel sick.
You are no longer poisoned.
The worm bites you.
* * * LOW HITPOINT WARNING * * *
The giant cockroach waves its antennae.
The giant cockroach misses you. The adder bites you.
* * * LOW HITPOINT WARNING * * *
The adder bites you.
You die...

#.####.
#.....#.###......
.....
#.....#.#........
#..###.....#)#.#######
#..>................)#
#..............#####.#
#..w###..#.#.#######..
#...B))...............
##.#S###.#.#########..
#....@...#.# #..
#..#.#####.# #..
#..#.....#.# #..
#..#...#.#.# #..
#..#####.#.# #..
#........#.# #..
#.######## #.. #.# #..
#.# +..


You could see a worm, an adder and a giant cockroach.

Vanquished Creatures
  A giant cockroach (D:1)
  2 goblins (D:1)
  A hobgoblin (D:1)
  A ball python (D:1)
  A frilled lizard (D:1)
  2 kobolds (D:1)
8 creatures vanquished.

Notes
Turn   | Place    | Note
-------+----------+-------------------------------------------
     0 | Abyss:1  | geedmat the Demonspawn Abyssal Knight began the quest for
                  | the Orb.
     0 | Abyss:1  | Reached XP level 1. HP: 18/18 MP: 2/2
    16 | D:1      | Escaped the Abyss
   299 | D:1      | Gained mutation: You have a pair of small antennae on your
                  | head. [demonic ancestry]
   299 | D:1      | Reached XP level 2. HP: 24/24 MP: 3/3
   302 | D:1      | You fall into a shaft and drop 1 floor!
   317 | D:1      | Slain by an adder

Illustrated notes

Levels and vault maps discovered:
D:1:      minmay_arrival_stone_box, layout_basic
D:2:      layout_loops_cross, ebering_ecumenical_altar_ruins

Skill      XL: |  1 |
---------------+----+-----
Polearms       | 2 |  2.5
Fighting       | |  3.0
Armour         | |  1.7
Dodging        | |  0.8
Invocations    | |  2.4

Action                   || total
-------------------------++-------
Melee: Spear             ||    22
  Use: Scroll            ||     1
Armor: Leather armour    ||     5
Dodge: Dodged            ||    13
